Map: [ESL] Stargazers

Players

DRG

  • Race: Zerg Zerg
  • Spawn Location: 11:00

RagnaroK (SHIN) - Winner!

  • Race: Zerg Zerg
  • Spawn Location: 1:00

Event: TSL 9

VOD

Have the link to the VOD?

Description

Time

  • Played on: July 31, 2022, 6:58 a.m.
  • Length: 8:09

All games in this series

Show
View Real Time Build Order
Export as new Build Order

DRG Zerg 

Build Orders: Hatch First 

Get SALT Encoding   

  12  0:00  Drone  
  13  0:12  Overlord  
  13  0:17  Drone  
  14  0:30  Drone x2  
  16  0:48  Hatchery  
  15  0:50  Drone  
  15  0:54  Drone  
  17  0:57  Drone  
  18  1:08  Extractor  
  17  1:13  Spawning Pool  
  17  1:16  Drone  
  17  1:19  Drone  
  18  1:27  Drone  
  19  1:38  Drone  
  20  1:49  Drone  
  21  1:59  Queen x2  
  21  2:00  Overlord  
  25  2:01  Zergling x2  
  26  2:10  Drone  
  26  2:11  Drone  
  28  2:21  Drone  
  29  2:23  Drone  
  30  2:32  Drone  
  30  2:33  Drone  
  30  2:35  Queen  
  34  2:38  Lair  
  34  2:41  Extractor  
  33  2:44  Overlord  
  33  2:45  Drone  
  34  2:53  Drone  
  34  2:55  Overlord  
  35  3:07  Drone x3  
  35  3:08  Drone  
  35  3:09  Drone x4  
  43  3:16  Drone  
  43  3:18  Drone  
  45  3:23  Evolution Chamber  
  44  3:29  Drone  
  44  3:30  Drone  
  46  3:38  Spire, Extractor, Overlord  
  46  3:39  Extractor  
  43  3:41  Roach Warren  
  43  3:43  Drone  
  43  3:44  Drone  
  43  3:46  Drone  
  45  3:49  Drone x2  
  45  3:52  Drone  
  45  3:53  Drone  
  49  3:58  Drone x2  
  49  3:59  Overseer  
  51  4:05  Drone  
  52  4:13  Overlord  
  52  4:15  Overlord  
  52  4:20  Drone  
  53  4:24  Overlord  
  53  4:26  Hatchery  
  52  4:50  Mutalisk x5  
  62  4:53  Mutalisk  
  62  4:57  Zerg Flyer Weapons Level 1  
  62  4:58  Overlord  
  64  5:01  Overlord  
  64  5:04  Drone x2  
  66  5:08  Overlord  
  66  5:09  Drone  
  66  5:11  Drone x2  
  66  5:12  Drone  
  70  5:16  Metabolic Boost  
  70  5:20  Evolution Chamber  
  69  5:28  Mutalisk x2  
  69  5:32  Evolution Chamber  
  72  5:38  Evolution Chamber  
  72  5:42  Evolution Chamber  
  70  5:43  Mutalisk  
  70  5:46  Mutalisk x2  
  70  5:48  Drone x3  
  79  5:51  Drone x4  
  79  5:55  Extractor x2  
  81  6:01  Roach Warren  
  81  6:03  Drone, Overlord  
  81  6:04  Drone x4  
  86  6:11  Drone  
  87  6:14  Overlord  
  87  6:15  Overseer  
  87  6:16  Drone  
  88  6:22  Mutalisk  
  88  6:23  Mutalisk  
  92  6:29  Mutalisk x2  
  85  6:40  Mutalisk  
  85  6:42  Drone x6  
  85  6:45  Drone  
  87  6:50  Drone  
  86  6:54  Spore Crawler  
  86  6:58  Evolution Chamber  
  86  6:59  Mutalisk  
  84  7:06  Drone x5  
  89  7:13  Mutalisk x2  
  93  7:19  Queen  
  95  7:24  Mutalisk  
  97  7:30  Overlord x2  
  97  7:34  Overlord  
  97  7:43  Evolution Chamber  
  97  7:44  Zergling x2  
  97  7:45  Overlord  
Show
View Real Time Build Order
Export as new Build Order

RagnaroK Zerg - Winner!

Build Orders: Hatch First 

Get SALT Encoding   

  12  0:00  Drone  
  13  0:13  Overlord  
  13  0:17  Drone  
  14  0:31  Drone x2  
  16  0:47  Hatchery  
  15  0:51  Drone  
  15  0:55  Drone  
  17  0:58  Drone  
  18  1:12  Spawning Pool  
  18  1:14  Drone  
  19  1:18  Drone  
  19  1:28  Drone  
  20  1:39  Drone  
  21  1:50  Hatchery  
  21  1:53  Extractor  
  19  1:54  Drone  
  19  1:59  Queen, Drone  
  23  2:03  Zergling x2  
  24  2:10  Queen  
  24  2:14  Drone  
  27  2:18  Overlord  
  27  2:21  Drone  
  29  2:37  Drone x3  
  29  2:38  Queen  
  29  2:43  Drone  
  29  2:44  Drone  
  35  2:53  Drone  
  36  3:01  Queen  
  36  3:02  Drone  
  36  3:03  Drone  
  40  3:06  Drone  
  40  3:07  Drone  
  40  3:11  Evolution Chamber  
  41  3:14  Overlord  
  41  3:16  Drone  
  41  3:27  Lair  
  41  3:32  Overlord  
  41  3:33  Drone  
  41  3:34  Drone x5  
  47  3:36  Drone  
  47  3:37  Zergling x2  
  49  3:42  Zerg Melee Weapons Level 1  
  49  3:44  Overlord  
  49  3:51  Zergling x2, Drone x3  
  53  3:56  Extractor x2  
  53  4:01  Drone, Roach Warren  
  53  4:02  Drone  
  52  4:07  Metabolic Boost, Drone x3  
  52  4:08  Extractor  
  54  4:12  Zergling x4  
  54  4:14  Drone x2  
  58  4:20  Overlord  
  59  4:24  Zergling x10  
  63  4:32  Zergling x6  
  63  4:36  Overlord  
  66  4:39  Drone x3, Extractor x2  
  66  4:43  Spire  
  66  4:44  Zergling x4  
  68  4:50  Zergling x2  
  69  4:55  Overlord  
  69  4:56  Zergling x2  
  69  4:57  Zergling x2  
  69  4:59  Drone  
  72  5:00  Zergling x4  
  72  5:06  Overlord x2  
  74  5:11  Overlord  
  74  5:15  Zergling x8  
  74  5:16  Drone  
  74  5:21  Spore Crawler  
  78  5:24  Spore Crawler, Drone  
  78  5:27  Spore Crawler  
  77  5:29  Zergling x2  
  77  5:33  Drone x3  
  80  5:35  Drone  
  80  5:37  Drone  
  80  5:40  Drone  
  80  5:42  Overlord  
  73  5:56  Mutalisk x4  
  80  6:01  Mutalisk  
  80  6:03  Mutalisk  
  84  6:09  Zerg Flyer Armor Level 1  
  84  6:13  Mutalisk x2  
  87  6:19  Mutalisk x2  
  87  6:22  Overlord  
  91  6:31  Mutalisk x3  
  96  6:37  Mutalisk x2  
  99  6:43  Mutalisk x2  
  98  6:50  Mutalisk  
  98  6:52  Zergling x8  
  101  6:59  Mutalisk  
  101  7:01  Zergling x10  
  106  7:07  Mutalisk  
  110  7:08  Mutalisk  
  110  7:14  Mutalisk  
  114  7:16  Zergling x2  
  114  7:17  Zergling x6  
  118  7:24  Mutalisk  
  118  7:27  Overlord x2  
  120  7:30  Overlord  
  120  7:34  Mutalisk  
  122  7:38  Overlord  
  122  7:41  Overlord  
Tags
 
Add a new tag
Caveats
  • Supply blocks, unpowered buildings, or Contaminate may cause inaccurate times.
  • Supply counts are checked every 10 seconds.